 Dungeon Crawl Stone Soup version 0.19.0-20-gbc5f0c6 (webtiles) character file.

7796 patrickswayze the Covert (level 11, -4/63 HPs)
             Began as a Deep Elf Chaos Knight on Nov 17, 2016.
             Slain by a redback (16 damage)
             ... on level 2 of the Lair of Beasts.
             The game lasted 00:31:05 (12300 turns).

patrickswayze the Covert (Deep Elf Chaos Knight)   Turns: 12300, Time: 00:31:06

Health: -4/63      AC: 11    Str:  9    XL:     11   Next: 1%
Magic:  5/11       EV: 13    Int: 25    God:    Xom [......]
Gold:   554        SH:  0    Dex: 14    Spells: 3 memorised, 3 levels left

rFire  + . .     SeeInvis .     a - +2 short sword (distort) {!w}
rCold  . . .     Gourm    .     Y - +2 robe {rF+}
rNeg   . . .     Faith    .     (no shield)
rPois  .         Spirit   .     (no helmet)
rElec  .         Reflect  .     p - +0 cloak
rCorr  .         Harm     .     P - +0 pair of gloves
MR     ++...                    (no boots)
Stlth  +++++.....               (no amulet)
                                q - +5 ring of protection
                                h - +6 ring of intelligence

@: lethally poisoned (-4 -> -34)
A: blurry vision 1, clumsy 1, low mp 1, magic resistance 1, sense surroundings
1, robust 1
a: Renounce Religion


You were on level 2 of the Lair of Beasts.
You worshipped Xom.
You were a very special plaything of Xom.
You were hungry.

You visited 3 branches of the dungeon, and saw 11 of its levels.

You collected 554 gold pieces.


Innate Abilities, Weirdness & Mutations

Scrolls take you a little longer to read.
You are clumsy. (Dex -2)
Your magical capacity is low. (-10% MP)
You are resistant to hostile enchantments. (MR+)
You passively map a small area around you.
You are robust. (+10% HP)


   Skills:
 - Level 2.4 Fighting
 - Level 10.0 Short Blades
 - Level 0.7 Armour
 - Level 2.4 Dodging
 - Level 13.8 Stealth
 + Level 10.2 Hexes
 - Level 3.4 Charms
 - Level 2.3 Translocations


You had 3 spell levels left.
You knew the following spells:

 Your Spells              Type           Power        Failure   Level  Hunger
a - Confuse               Hex            ######..     1%          3    ####...
r - Repel Missiles        Chrm/Air       #.....       12%         2    ###....
v - Blink                 Tloc           N/A          10%         2    ###....

Inventory:

Hand Weapons
 a - a +2 short sword of distortion (weapon) {!w}
Missiles
 d - 380 stones (quivered)
 i - 49 poisoned needles
 B - 19 curare-tipped needles
Armour
 p - a +0 cloak (worn)
 P - a +0 pair of gloves (worn)
 Y - a +2 robe of fire resistance (worn)
Jewellery
 f - an uncursed ring of see invisible
 h - a +6 ring of intelligence (left hand)
 q - a +5 ring of protection (right hand)
 x - a +3 ring of evasion
 G - an uncursed ring of wizardry {unknown}
 R - an uncursed ring of flight
 U - an uncursed ring of magical power {unknown}
Wands
 b - a wand of acid (8/15)
 w - a wand of acid (0/15)
 y - a wand of slowing (31/48)
 J - a wand of acid (0/15)
 K - a wand of flame (21/48)
 O - a wand of iceblast (0/15)
 W - a wand of lightning (4/15)
 X - a wand of lightning (10/15)
Scrolls
 j - 4 scrolls of fog
 l - a scroll of fear
 o - 6 scrolls of remove curse
 t - 3 scrolls of magic mapping
 u - a scroll of teleportation
 z - a scroll of blinking
 A - a scroll of recharging
 I - a scroll of silence {!r}
Potions
 e - 2 potions of heal wounds
 g - 6 potions of curing {unknown}
 k - 2 potions of lignification {unknown}
 r - a potion of resistance {unknown}
 s - 2 potions of magic {unknown}
 v - 2 potions of cancellation {unknown}
 E - 2 potions of brilliance {unknown}
 F - 4 potions of haste {unknown}
 L - 2 potions of mutation {unknown}
 M - a potion of experience {unknown}
 N - a potion of degeneration {unknown}
 Q - a potion of cure mutation {!q}
 T - a potion of might {unknown}
Books
 C - a book of Minor Magic

   Spells                             Type                      Level
   a - Magic Dart                     Conjuration                  1
   b - Blink                          Translocation                2
   c - Call Imp                       Summoning                    2
   d - Repel Missiles                 Charms/Air                   2
   e - Slow                           Hexes                        2
   f - Conjure Flame                  Conjuration/Fire             3
   g - Mephitic Cloud                 Conjuration/Poison/Air       3
 S - a book of Misfortune

   Spells                             Type                      Level
   a - Confusing Touch                Hexes                        1
   b - Confuse                        Hexes                        3
   c - Gell's Gravitas                Hexes/Translocation          3
   d - Petrify                        Transmutation/Earth          4
   e - Metabolic Englaciation         Hexes/Ice                    5
   f - Yara's Violent Unravelling     Hexes/Transmutation          5
 V - a book of Clouds

   Spells                             Type                      Level
   a - Mephitic Cloud                 Conjuration/Poison/Air       3
   b - Conjure Flame                  Conjuration/Fire             3
   c - Poisonous Cloud                Conjuration/Poison/Air       6
   d - Freezing Cloud                 Conjuration/Ice/Air          6
   e - Ring of Flames                 Charms/Fire                  7
Comestibles
 c - 8 bread rations
 m - 2 meat rations
 n - 21 fruits


Message History

Casting: Confuse
Confirm with . or Enter, or press ? or * to list all spells.
Aiming: Confuse
Press: ? - help, Shift-Dir - straight line, f - redback
Aim: a redback (moderately wounded, clinging, chance to defeat MR: 72%)
The redback struggles to resist.
You feel very sick. The redback closely misses you.
The redback barely misses you.
* * * LOW HITPOINT WARNING * * *
You feel very sick.
Casting: Confuse
Confirm with . or Enter, or press ? or * to list all spells.
Aiming: Confuse
Press: ? - help, Shift-Dir - straight line, f/p - redback
Aim: a redback (moderately wounded, clinging, chance to defeat MR: 72%)
The redback appears confused.
* * * LOW HITPOINT WARNING * * *
You feel very sick. The redback bites you!
You die...

#.##.## ###..##..P... ######
#.....# ###.##'#.P.....
.#.#P#####....## #...........P..
#..............# ##..............
#..............###?............##
....._.........P###..H)....)...#
..................#............#
................#s+............##
...............#@#.H.......)....#
#...............#####.#####....##
##...#.##.###.### ### ######
########## #..# ##.##### #..###.#
#......# #......## ##......##


You could see a redback (confused).

Vanquished Creatures
  2 hydras (Lair:1)
  Sonja (Lair:2)
  An elephant (D:8)
  A black mamba (Lair:2)
  A spiny frog (Lair:1)
  Prince Ribbit (D:7)
  2 hippogriffs
  A wyvern (D:8)
  A basilisk (Lair:1)
  5 water moccasins (Lair:1)
  5 porcupines
  An orc warrior (D:8)
  2 centaurs (D:8)
  3 ogres
  A boggart (D:8)
  3 crocodiles (Lair:1)
  7 bullfrogs
  2 scorpions
  3 killer bees (D:8)
  2 howler monkeys (D:8)
  4 crimson imps
  4 orc priests
  A bullfrog skeleton (D:4)
  3 hounds
  Jessica (D:2)
  An iguana (D:8)
  9 orc wizards
  4 worker ants
  4 gnolls (D:2)
  15 adders
  A shadow imp (D:4)
  A white imp (D:4)
  2 oozes
  4 worms
  3 dart slugs
  3 leopard geckos
  26 orcs
  5 giant cockroaches
  6 goblins
  7 hobgoblins
  9 jackals
  3 quokkas
  4 ball pythons
  7 bats
  2 frilled lizards (D:1)
  A jackal zombie (D:8)
  15 kobolds
  A leopard gecko skeleton (D:7)
  A quokka zombie (D:6)
  12 rats
204 creatures vanquished.

Vanquished Creatures (collateral kills)
  2 slaves (D:7)
  A centaur (D:7)
  2 crocodiles
  An electric eel (Lair:1)
  A centaur zombie (D:7)
7 creatures vanquished.

Vanquished Creatures (others)
  A ball lightning (Lair:1)
  A wyvern (D:8)
  A basilisk (Lair:1)
  A killer bee (D:8)
  A howler monkey (D:4)
  A crimson imp (D:4)
  A hound (D:8)
  An orc priest (D:7)
  A worker ant (D:4)
  An adder (D:4)
  An orc (D:5)
  A hobgoblin (D:2)
  6 fungi
  4 plants (Lair:1)
22 creatures vanquished.

Grand Total: 233 creatures vanquished

Notes
Turn   | Place    | Note
-------+----------+-------------------------------------------
     0 | D:1      | patrickswayze the Deep Elf Chaos Knight began the quest for the Orb.
     0 | D:1      | Reached XP level 1. HP: 13/13 MP: 3/3
    70 | D:1      | XOM: potion effect (invisibility)
    72 | D:1      | Reached skill level 1 in Stealth
   198 | D:1      | Reached skill level 2 in Stealth
   236 | D:1      | XOM: divination: detect creatures
   260 | D:1      | XOM: harmless Pois miscast
   286 | D:1      | Reached XP level 2. HP: 15/18 MP: 4/4
   309 | D:1      | XOM: silly message
   427 | D:1      | Reached skill level 3 in Stealth
   609 | D:1      | Reached XP level 3. HP: 22/22 MP: 5/5
   808 | D:1      | XOM: mild Erth miscast
   879 | D:2      | Reached skill level 4 in Stealth
  1113 | D:2      | Reached XP level 4. HP: 22/27 MP: 6/6
  1119 | D:2      | Noticed Sigmund
  1119 | D:2      | Noticed Jessica
  1353 | D:2      | Reached skill level 5 in Stealth
  1418 | D:2      | XOM: harmless Chrm miscast
  1490 | D:2      | XOM: mild Ice miscast
  1713 | D:2      | HP: 4/27 [Jessica/nerve-wracking pain (13)]
  1715 | D:2      | XOM: destruction
  1717 | D:2      | Killed Jessica
  1742 | D:2      | Reached skill level 6 in Stealth
  1765 | D:2      | Reached XP level 5. HP: 25/31 MP: 7/7
  1831 | D:2      | XOM: butterfly on damage
  1853 | D:2      | XOM: 3-stop teleportation journey
  2218 | D:3      | Reached skill level 7 in Stealth
  2309 | D:3      | Found a blossoming altar of Fedhas.
  2387 | D:3      | XOM: 5-stop teleportation journey
  2509 | D:3      | Found a snail-covered altar of Cheibriados.
  2543 | D:3      | Found a faded altar of an unknown god.
  2543 | D:3      | Found a faded altar of an unknown god.
  2548 | D:3      | Found a faded altar of an unknown god.
  2550 | D:3      | Found a faded altar of an unknown god.
  2551 | D:3      | Found a hazy altar of Hepliaklqana.
  2626 | D:3      | XOM: polymorph orc -> adder
  2658 | D:3      | XOM: butterfly on damage
  2659 | D:3      | Reached XP level 6. HP: 24/36 MP: 8/8
  3193 | D:3      | XOM: give mutations
  3193 | D:3      | Gained mutation: Your muscles are strong. (Str +2) [Xom's grace]
  3193 | D:3      | Gained mutation: You have sharp toenails. [Xom's grace]
  3193 | D:3      | Gained mutation: You are covered in fur. (AC +1) [Xom's grace]
  3277 | D:4      | Found a burning altar of Makhleb.
  3290 | D:4      | XOM: 4-stop teleportation journey
  3357 | D:4      | Learned a level 2 spell: Blink
  3360 | D:4      | Learned a level 2 spell: Repel Missiles
  3360 | D:4      | Found a staircase to the Ecumenical Temple.
  3379 | Temple   | Entered the Ecumenical Temple
  3425 | D:4      | XOM: scenery: create altars
  3439 | D:4      | Reached skill level 1 in Translocations
  3606 | D:4      | XOM: mild Divn miscast
  3770 | D:4      | XOM: mild Conj miscast
  4387 | D:4      | Reached XP level 7. HP: 37/40 MP: 9/9
  4536 | D:4      | XOM: confuse monster(s)
  4537 | D:4      | XOM: enchant monster (bad)
  4553 | D:4      | Reached skill level 3 in Charms
  4698 | D:5      | Entered Level 5 of the Dungeon
  4715 | D:5      | XOM: god gift: twisted jewelled staff {god gift}
  4790 | D:5      | Reached skill level 6 in Short Blades
  4821 | D:5      | Found a shadowy altar of Dithmenos.
  4824 | D:5      | Found an iron altar of Okawaru.
  4847 | D:5      | Found an ancient bone altar of Kikubaaqudgha.
  4873 | D:5      | Found a stormy altar of Qazlal.
  4946 | D:5      | XOM is BORED!
  4946 | D:5      | XOM: mild Erth miscast
  4996 | D:5      | Found Omiveep's Book Shop.
  5015 | D:5      | Lost mutation: You have sharp toenails. [potion of cure mutation]
  5015 | D:5      | Lost mutation: You are covered in fur. (AC +1) [potion of cure mutation]
  5015 | D:5      | Lost mutation: Your muscles are strong. (Str +2) [potion of cure mutation]
  5114 | D:5      | XOM: mild Tmut miscast
  5144 | D:5      | Found a hide-covered altar of Uskayaw.
  5280 | D:5      | XOM: harmless Summ miscast
  5411 | D:5      | XOM: noise
  5475 | D:5      | XOM: god gift: scroll of fear
  5606 | D:6      | XOM: scenery: create altars
  5788 | D:6      | XOM: give mutations
  5788 | D:6      | Gained mutation: You are weak. (Str -2) [Xom's mischief]
  5788 | D:6      | Gained mutation: Your magical capacity is low. (-10% MP) [Xom's mischief]
  6311 | D:7      | Noticed Pikel
  6321 | D:7      | Reached XP level 8. HP: 45/45 MP: 9/9
  6425 | D:7      | XOM: god gift: glowing quarterstaff {god gift}
  6867 | D:7      | Noticed Prince Ribbit
  6884 | D:7      | Killed Prince Ribbit
  6888 | D:7      | XOM: cloud trail
  6975 | D:7      | XOM: scenery: create altars
  7073 | D:7      | XOM: cloud trail
  7083 | D:7      | Noticed Pikel
  7083 | D:7      | Pikel changed into Pikel the crocodile
  7083 | D:7      | XOM: polymorph Pikel -> Pikel the crocodile
  7162 | D:7      | Killed Pikel the crocodile
  7518 | D:8      | XOM: give mutations
  7518 | D:8      | Gained mutation: You are resistant to hostile enchantments. (MR+) [Xom's grace]
  7518 | D:8      | Gained mutation: You are robust. (+10% HP) [Xom's grace]
  7518 | D:8      | Gained mutation: You are partially covered in molten scales. (AC +2) [Xom's grace]
  7518 | D:8      | Lost mutation: You are weak. (Str -2) [Xom's grace]
  7524 | D:8      | XOM: confusion (+ monsters)
  7604 | D:8      | Reached skill level 9 in Short Blades
  7787 | D:8      | XOM: blink monster(s)
  7807 | D:8      | Noticed an elephant
  7952 | D:8      | XOM: polymorph crocodile -> boggart
  7981 | D:8      | XOM: cleaving
  7983 | D:8      | Reached XP level 9. HP: 45/53 MP: 10/10
  7986 | D:8      | Reached skill level 8 in Stealth
  8054 | D:8      | Found a staircase to the Lair.
  8082 | D:8      | Reached skill level 9 in Stealth
  8126 | Lair:1   | Entered Level 1 of the Lair of Beasts
  8227 | Lair:1   | XOM: noise
  8382 | D:8      | XOM: enchant monster (good)
  8433 | D:8      | XOM: cast spell 'Confusing Touch'
  8448 | D:8      | XOM: divination: detect items
  8459 | D:8      | Killed an elephant
  8459 | D:8      | Reached skill level 10 in Stealth
  8593 | D:8      | XOM: harmless Tloc miscast
  8715 | D:8      | XOM: divination: detect items
  8913 | D:8      | XOM: divination: detect items
  9109 | D:8      | Reached skill level 11 in Stealth
  9544 | D:8      | Reached skill level 12 in Stealth
  9576 | Lair:1   | XOM: scenery: create altars
  9709 | D:7      | XOM: cloud trail
 10103 | Lair:1   | Noticed a five-headed hydra
 10115 | Lair:1   | XOM: mild Conj miscast
 10124 | Lair:1   | XOM: potion effect (might)
 10143 | Lair:1   | XOM: scenery: create altars
 10154 | Lair:1   | XOM: confuse monster(s)
 10156 | Lair:1   | XOM: divination: detect creatures
 10211 | Lair:1   | XOM: potion effect (heal wounds)
 10225 | Lair:1   | Noticed a spiny frog
 10233 | Lair:1   | Killed a spiny frog
 10233 | Lair:1   | Reached skill level 13 in Stealth
 10233 | Lair:1   | Reached XP level 10. HP: 43/59 MP: 11/11
 10235 | Lair:1   | Noticed a four-headed hydra
 10258 | Lair:1   | Killed a four-headed hydra
 10373 | Lair:1   | Learned a level 3 spell: Confuse
 10381 | Lair:1   | Reached skill level 1 in Hexes
 10737 | Lair:1   | Reached skill level 3 in Hexes
 11019 | Lair:1   | XOM: cast spell 'Conjure Ball Lightning'
 11037 | Lair:1   | XOM: summons friendly white imp
 11039 | Lair:1   | XOM: swap monsters
 11054 | Lair:1   | Killed a five-headed hydra
 11054 | Lair:1   | Reached skill level 6 in Hexes
 11085 | Lair:1   | XOM: noise
 11184 | Lair:1   | XOM: give mutations
 11184 | Lair:1   | Gained mutation: Your mind is acute. (Int +2) [Xom's mischief]
 11184 | Lair:1   | Gained mutation: You passively map a small area around you. [Xom's mischief]
 11184 | Lair:1   | Gained mutation: Armour fits poorly on your strangely shaped body. [Xom's mischief]
 11184 | Lair:1   | Lost mutation: Your mind is acute. (Int +2) [Xom's mischief]
 11397 | Lair:1   | XOM is BORED!
 11397 | Lair:1   | XOM: summons 5 hostile demons
 11398 | Lair:1   | Noticed a smoke demon
 11401 | Lair:1   | XOM: butterfly on damage
 11485 | Lair:1   | XOM: harmless Tloc miscast
 11687 | Lair:1   | XOM: stat loss: -1 Dex (15/16)
 11885 | Lair:2   | Noticed a black mamba
 11891 | Lair:2   | Killed a black mamba
 11891 | Lair:2   | Reached skill level 9 in Hexes
 11971 | Lair:2   | Found a radiant altar of Vehumet.
 12020 | Lair:2   | Noticed Sonja
 12022 | Lair:2   | Killed Sonja
 12046 | Lair:2   | XOM: give mutations
 12046 | Lair:2   | Gained mutation: You are clumsy. (Dex -2) [Xom's mischief]
 12046 | Lair:2   | Lost mutation: You are partially covered in molten scales. (AC +2) [Xom's mischief]
 12046 | Lair:2   | Gained mutation: Scrolls take you a little longer to read. [Xom's mischief]
 12046 | Lair:2   | Lost mutation: Armour fits poorly on your strangely shaped body. [Xom's mischief]
 12069 | Lair:2   | XOM: harmless Air miscast
 12071 | Lair:2   | XOM: 1-stop teleportation journey
 12079 | Lair:2   | Found a hole to the Spider Nest.
 12090 | Lair:1   | Reached XP level 11. HP: 29/63 MP: 5/11
 12275 | Lair:2   | XOM: swap monsters
 12276 | Lair:2   | XOM: polymorph komodo dragon -> redback
 12300 | Lair:2   | HP: 12/63 [poisoned by a redback]
 12300 | Lair:2   | Slain by a redback

Vault maps used:
D:1:      dpeg_arrival_simpleton_a, minmay_vboxes
D:2:      hangedman_feature_mirror, uniq_sigmund, uniq_jessica
D:3:      minmay_diamond_boxcup, lemuel_crystal_altar,
          chequers_temple_overflow_minitemple, cheibriados_altar_wand_db,
          first_bread
D:4:      bloody_makhleb, minmay_fire_ice_demons
D:5:      eat_drink_and_be_merry_uskayaw, nicolae_overflow_hidden_temple,
          serial_shops, nicolae_shop_crystal, nrook_mini_backslash,
          nicolae_qazlal_general_emergency
D:7:      uniq_prince_ribbit1, uniq_pikel
D:8:      david_lair_generic
Temple:   dshaligram_water_room_temple
Lair:1:   grunt_megastairs_3, serial_bayou_shore_a
Lair:2:   spider_nest_entry_rubble, basic_altar, lemuel_fruit_fields,
          infiniplex_staircase_pool, serial_bayou_shore_b, uniq_fannar,
          uniq_sonja

Action                   |  1- 3 |  4- 6 |  7- 9 | 10-12 || total
-------------------------+-------+-------+-------+-------++-------
Melee: Short sword       |   120 |   173 |   349 |    67 ||   709
       Kick              |       |     4 |     2 |       ||     6
Throw: Stone             |       |    10 |     5 |       ||    15
 Cast: Repel Missiles    |       |     1 |       |       ||     1
       Confuse           |       |       |       |    13 ||    13
Evoke: Wand              |       |       |     7 |     8 ||    15
  Use: Scroll            |     5 |     5 |    13 |     6 ||    29
       Potion            |       |     2 |     2 |       ||     4
 Stab: Petrifying        |     1 |     1 |       |       ||     2
       Sleeping          |     5 |    20 |     7 |     5 ||    37
       Confused          |     1 |       |       |     4 ||     5
       Distracted        |       |       |     6 |     1 ||     7
       Paralysed         |       |       |     1 |       ||     1
  Eat: Chunk             |     1 |     7 |    13 |     4 ||    25
       Bread ration      |       |     1 |       |       ||     1
       Beef jerky        |       |       |     2 |       ||     2
       Meat ration       |       |       |       |     1 ||     1
Armor: Leather armour    |    48 |    45 |    97 |       ||   190
       Robe              |       |       |     7 |    28 ||    35
Dodge: Dodged            |    65 |    96 |   137 |    43 ||   341
       Deflected         |       |       |     2 |       ||     2
